 Dungeon Crawl Stone Soup version 0.28-a0-779-g3d1f99b579 (webtiles) character file.

Game seed: 7352005950245526102

129 ytrimaz the Skirmisher (level 4, -2/37 HPs)
             Began as a Demonspawn Fighter on Nov 2, 2021.
             Slain by an iguana (4 damage)
             ... on level 3 of the Dungeon.
             The game lasted 00:02:49 (2089 turns).

ytrimaz the Skirmisher (Demonspawn Fighter)         Turns: 2089, Time: 00:02:49

Health: -2/37      AC:  7    Str: 17    XL:     4   Next: 88%
Magic:  4/4        EV:  9    Int: 12    God:
Gold:   68         SH:  4    Dex: 10    Spells: 3/3 levels left

rFire   . . .      SeeInvis .   a - +0 trident
rCold   . . .      Faith    .   c - +0 buckler
rNeg    . . .      Spirit   .   b - +0 scale mail
rPois   +          Reflect  .   (no helmet)
rElec   +          Harm     .   (no cloak)
rCorr   .          Rampage  .   (no gloves)
Will    .....                   (no boots)
Stlth   ..........              (no amulet)
HPRegen 0.12/turn               f - ring of the Gloaming {Fly rElec rPois Int+3 Dex-3}
MPRegen 0.09/turn               (no ring)

@: flying
A: rugged brown scales 1, demonic guardian 1, powered by death 1
a: no special abilities


You were on level 3 of the Dungeon.
You visited 1 branch of the dungeon, and saw 3 of its levels.

You collected 68 gold pieces.

Inventory:

Hand Weapons
 a - a +0 trident (weapon)
Missiles
 i - a throwing net (quivered)
Armour
 b - a +0 scale mail (worn)
 c - a +0 buckler (worn)
Jewellery
 f - the ring of the Gloaming (left hand) {Fly rElec rPois Int+3 Dex-3}
   (You acquired it on level 2 of the Dungeon)

   [ring of flight]

   Int:       It affects your intelligence (+3).
   Dex:       It affects your dexterity (-3).
   rElec:     It insulates you from electricity.
   rPois:     It protects you from poison.
   Fly:       It grants you flight.
Scrolls
 j - 3 scrolls of identify
 k - a scroll of immolation {unknown}
 l - a scroll of enchant weapon {unknown}
Potions
 d - a potion of might
 e - a potion of haste {unknown}
 g - a potion of lignification {unknown}
 h - 2 potions of invisibility {unknown}
 m - a potion of curing {unknown}


   Skills:
 + Level 3.6 Fighting
 + Level 2.9 Polearms
 + Level 3.4 Armour
 * Level 1.4 Dodging
 - Level 2.9 Shields


You had 3 spell levels left.
You didn't know any spells.
Your spell library contained the following spells:

 Spells                   Type           Power      Damage    Failure   Level
 Static Discharge         Conj/Air       0%         N/A       88%         2
 Spider Form              Tmut/Pois      0%         N/A       98%         3
 Swiftness                Air            0%         N/A       98%         3
 Airstrike                Air            0%         N/A       100%        4


Dungeon Overview and Level Annotations

Branches:
Dungeon (3/15)

Altars:


Innate Abilities, Weirdness & Mutations

You are partially covered in rugged brown scales. (AC +1, +3% HP)
A weak demonic guardian rushes to your aid.
You regenerate a little health from kills.


Message History

You are too injured to fight recklessly!
Unknown command.
You are too injured to fight recklessly!
You hit the iguana.
The iguana is heavily wounded.
The iguana bites you but does no damage.
You hit the iguana.
The iguana is almost dead.
The iguana barely misses you.
You closely miss the iguana.
The iguana is almost dead.
The iguana bites you.
* * * LOW HITPOINT WARNING * * *
You closely miss the iguana.
The iguana is almost dead.
The iguana misses you. The iguana barely misses you.
Unknown command.
You barely miss the iguana.
The iguana is almost dead.
The iguana bites you!
* * * LOW HITPOINT WARNING * * *
A demonic guardian appears!
Unknown command.
There is an open door here.
Unknown command.
Your iron imp hits the iguana but does no damage.
You see here a +0 ring mail.
You closely miss the iguana.
The iguana is almost dead.
The iguana bites you but does no damage.
The dart slug bites your iron imp.
Unknown command.
Your iron imp hits the dart slug but does no damage.
The dart slug launches a dart at you.
The slug dart hits your iron imp but does no damage.
You see here a +0 dagger.
You barely miss the iguana.
The iguana is almost dead.
The iguana bites you.
You die...

#### ##..##
#....# ##.
#....#
##..#####).##
..##.###'##
#.#.@l'5##
#.##)###w.(.#
#..#'#.#.....#
#......#.|...#
#.#.#..#...(.#
#.#.#..##$..##
#.#.#.#.#####
#.#.#.##..
#.#...#####


You could see an iguana, a dart slug (ally target) and a friendly iron imp
(summoned).

Vanquished Creatures
  4 adders
  A gnoll (D:3)
  A worm (D:2)
  2 dart slugs
  7 endoplasms
  2 giant cockroaches
  5 goblins
  7 hobgoblins
  A jackal (D:2)
  2 quokkas
  8 ball pythons
  3 bats
  3 frilled lizards (D:1)
  5 kobolds
  8 rats
59 creatures vanquished.

Vanquished Creatures (collateral kills)
  An adder (D:2)
  An orc (D:3)
  An endoplasm (D:2)
  A jackal (D:2)
4 creatures vanquished.

Vanquished Creatures (others)
  13 plants (D:2)
13 creatures vanquished.

Grand Total: 76 creatures vanquished

Notes
Turn   | Place    | Note
-------+----------+-------------------------------------------
     0 | D:1      | ytrimaz the Demonspawn Fighter began the quest for the Orb.
     0 | D:1      | Reached XP level 1. HP: 18/18 MP: 1/1
    86 | D:1      | Gained mutation: You regenerate a little health from kills.
                  | [demonic ancestry]
    86 | D:1      | Reached XP level 2. HP: 19/24 MP: 2/2
   858 | D:1      | Gained mutation: A weak demonic guardian rushes to your
                  | aid. [demonic ancestry]
   858 | D:1      | Reached XP level 3. HP: 27/29 MP: 3/3
   948 | D:2      | Got the Guide on the Venomous Birds
  1267 | D:2      | Gained mutation: You are partially covered in rugged brown
                  | scales. (AC +1, +3% HP) [demonic ancestry]
  1267 | D:2      | Reached XP level 4. HP: 25/36 MP: 4/4
  1347 | D:2      | Reached skill level 1 in Dodging
  1481 | D:2      | Identified a scroll of acquirement
  1496 | D:2      | Acquired the ring of the Gloaming {Fly rElec rPois Int+3
                  | Dex-3}
  1708 | D:2      | Found a faded altar of an unknown god.
  2089 | D:3      | Slain by an iguana

Illustrated notes

Levels and vault maps discovered:
D:1:      roderic_chinese_lattice_arrival, layout_basic
D:2:      layout_loops_ring, hellmonk_ecumenical_altar_inner_sanctum,
          serial_bayou_lagoon_b
D:3:      layout_basic, kiku_gazebo_garden_becter, minmay_crystal_room,
          st_stairs_8, serial_park_tiny_pond, minmay_joined_circles

Skill      XL: |  1  2  3  4 |
---------------+-------------+-----
Polearms       | 2 |  2.9
Armour         | 3 |  3.4
Dodging        | 1 |  1.4
Fighting       | |  3.6
Shields        | |  2.9

Action                   |  1- 3 |  4- 6 || total
-------------------------+-------+-------++-------
Melee: Trident           |   105 |   106 ||   211
  Use: Scroll            |       |     2 ||     2
Armor: Scale mail        |    38 |    35 ||    73
Dodge: Dodged            |    47 |    37 ||    84
Block: Buckler           |    24 |    15 ||    39

Table legend: (Time is in decaauts)
 A = Elapsed time spent in this place.
 B = Non-inter-level travel time spent in this place.
 C = Inter-level travel time spent in this place.
 D = Time resting spent in this place.
 E = Time spent auto-exploring this place.
 F = Levels seen in this place.
 G = Mean time per level.
                   A        B        C        D        E       F      G
               +--------+--------+--------+--------+--------+-----+--------+
         Total |   2138 |   2102 |     36 |    115 |   1507 |   3 |  712.7 |
       Dungeon |   2138 |   2102 |     36 |    115 |   1507 |   3 |  712.7 |
               +--------+--------+--------+--------+--------+-----+--------+

Top non-repeatable levels by time:
     D:2: 942 daAuts
     D:1: 936 daAuts
     D:3: 260 daAuts
